 Dungeon Crawl Stone Soup version 0.30-a0-737-gf23d94013f (webtiles) character file.

Game seed: 10556226360716328905

22400 Vildbasse the Fighter (level 12, -4/95 (108) HPs)
             Began as a Minotaur Fighter on Jan 31, 2023.
             Was a High Priest of Makhleb.
             Slain by Rupert
             ... wielding a +3 great mace of draining
              (20 damage)
             ... on level 3 of the Lair of Beasts on Feb 1, 2023.
             The game lasted 01:02:28 (11883 turns).

Vildbasse the Fighter (Minotaur Fighter)           Turns: 11883, Time: 01:02:29

HP:   -4/95 (108)   AC: 23    Str: 27    XL:     12   Next: 62%
MP:   17/17         EV: 12    Int:  8    God:    Makhleb [*****.]
Gold: 645           SH:  0    Dex: 18    Spells: 19/19 levels left

rFire   . . .      SeeInvis .    a - +0 battleaxe (elec)
rCold   + . .      Faith    .    (shield currently unavailable)
rNeg    + . .      Spirit   .    P - +2 plate armour
rPois   +          Reflect  .    (helmet restricted)
rElec   .          Harm     .    (no cloak)
rCorr   .          Rampage  .    J - +2 pair of gloves
Will    .....                    n - +2 pair of boots Stlth
                                 E - macabre finger necklace {Finger+ rN+}
HPRegen 0.35/turn                e - +6 ring of intelligence
MPRegen 0.15/turn                D - ring of Autumn {rPois MP+9 Int-3 Dex+3}
                                 X - ring of Fiocet {+Blink rC+ MP-9 Str+6 Slay+5}

@: heavily drained
A: horns 2, retaliatory headbutt
a: Renounce Religion, Evoke Blink, Minor Destruction, Lesser Servant of Makhleb,
Major Destruction, Greater Servant of Makhleb


You were on level 3 of the Lair of Beasts.
You worshipped Makhleb.
Makhleb was extremely pleased with you.
You visited 3 branches of the dungeon, and saw 13 of its levels.
You also visited: Ossuary.

You collected 720 gold pieces.
You spent 75 gold pieces at shops.

Inventory:

Hand Weapons
 a - a +0 battleaxe of electrocution (weapon)
 b - a +1 heavy shortbow
 p - a +3 flail of protection
 y - a +1 vampiric dagger
 L - a +0 falchion of electrocution
 Q - a +2 war axe of protection
 Y - a +2 dagger of holy wrath
Missiles
 m - 22 poisoned darts (quivered)
 G - 5 curare-tipped darts
Armour
 c - a +0 buckler
 n - a +2 pair of boots (worn)
 F - a +3 scale mail
 J - a +2 pair of gloves (worn)
 M - an orb of energy
 P - a +2 plate armour (worn)
Magical Staves
 I - a staff of cold
Jewellery
 e - a +6 ring of intelligence (left hand)
 f - an amulet of guardian spirit
 D - the ring of Autumn (right hand) {rPois MP+9 Int-3 Dex+3}
   (You acquired it on level 7 of the Dungeon)

   [ring of magical power]

   Int:       It affects your intelligence (-3).
   Dex:       It affects your dexterity (+3).
   rPois:     It protects you from poison.
   MP:        It affects your magic capacity (+9).
 E - the macabre finger necklace (around neck) {Finger+ rN+}
   (You found it on level 4 of the Dungeon)

   [amulet of nothing]

   Finger+:   It enables you to equip an extra ring.
   rN:        It protects you from negative energy.
 U - an amulet of the acrobat
 X - the ring of Fiocet (on amulet) {+Blink rC+ MP-9 Str+6 Slay+5}
   (You acquired it on level 2 of the Lair of Beasts)

   [ring of strength]

   Str:       It affects your strength (+6).
   Slay:      It affects your accuracy & damage with ranged weapons and melee
   (+5).
   rC:        It protects you from cold.
   MP:        It affects your magic capacity (-9).
   +Blink:    It lets you blink.
Wands
 j - a wand of iceblast (10)
 B - a wand of flame (35)
 O - a wand of light (8)
 T - a wand of paralysis (5)
Scrolls
 g - 3 scrolls of magic mapping
 q - 6 scrolls of teleportation
 s - 3 scrolls of torment
 u - 5 scrolls of blinking
 v - 2 scrolls of fear
 x - 2 scrolls of vulnerability
 A - 4 scrolls of immolation
 K - 2 scrolls of noise
 N - 2 scrolls of identify
 S - a scroll of butterflies
 W - a scroll of fog
Potions
 d - 6 potions of might
 h - 5 potions of mutation {unknown}
 i - 5 potions of resistance {unknown}
 k - 6 potions of brilliance
 l - 2 potions of ambrosia {unknown}
 o - 3 potions of flight {unknown}
 r - 7 potions of curing
 t - 2 potions of magic {unknown}
 w - 2 potions of heal wounds
 z - 3 potions of berserk rage {unknown}
 C - a potion of cancellation {unknown}
 H - a potion of lignification {unknown}
 R - a potion of attraction {unknown}
 V - 2 potions of invisibility {unknown}


   Skills:
 + Level 10.6 Fighting
 + Level 10.1 Axes
 + Level 6.8 Ranged Weapons
 + Level 10.6 Armour
 + Level 9.0 Dodging
 + Level 10.5 Shields
 + Level 4.2 Spellcasting
 + Level 4.7 Ice Magic


You had 19 spell levels left.
You didn't know any spells.
Your spell library contained the following spells:

 Spells                   Type           Power      Damage    Failure   Level
 Ensorcelled Hibernation  Hex/Ice        10%        N/A       80%         2
 Sandblast                Erth           2%         2d4       94%         1
 Slow                     Hex            4%         N/A       94%         1
 Passwall                 Tmut/Erth      0%         N/A       98%         2
 Confusing Touch          Hex            1%         N/A       100%        3
 Stone Arrow              Conj/Erth      2%         3d7       100%        3
 Swiftness                Air            1%         N/A       100%        3
 Vampiric Draining        Necr           1%         2d6       100%        3
 Fireball                 Conj/Fire      0%         3d3       100%        5
 Iskenderun's Battlesphe  Conj           1%         2d6       100%        5
 Conjure Ball Lightning   Conj/Air       0%         3x3d6     100%        6
 Orb of Destruction       Conj           0%         9d5       100%        7


Dungeon Overview and Level Annotations

Branches:
Dungeon (9/15)             Temple (1/1) D:4            Lair (3/5) D:8
    Orc (0/2) D:9         Ossuary (visited)
  Swamp: Lair:2-3    Shoals: Lair:2-3     Snake: Lair:2-3    Spider: Lair:2-3

Altars:
Ashenzari
Cheibriados
Dithmenos
Elyvilon
Fedhas
Gozag
Hepliaklqana
Kikubaaqudgha
Makhleb
Nemelex Xobeh
Okawaru
Qazlal
Ru
Sif Muna
Trog
Uskayaw
Vehumet
Wu Jian
Xom
Yredelemnul
Zin
The Shining One

Shops:
D:7 =*[?

Annotations:
Temple 2 transporters
Lair:3 Rupert


Innate Abilities, Weirdness & Mutations

You have a pair of horns on your head.
You reflexively headbutt those who attack you in melee.


Message History

You kill the blink frog!
Makhleb accepts your kill.
You feel better.
You start resting.
HP restored.
Rupert the Wild comes into view.
He is wielding a +3 great mace of draining.
Rupert shouts!
Aiming: Paralyse
Press: ? - help, Q - select action, (/) - cycle Shift-Dir - straight line, f - Rupert
Aim: Rupert, wielding a +3 great mace of draining and wearing a +0 chain mail (chance to affect: 1%) Rupert resists with almost no effort.
Rupert roars madly and goes into a rage!
Rupert goes berserk!
You shoot an arrow. The arrow barely misses Rupert.
Rupert completely misses you. You furiously retaliate!
You headbutt Rupert!
Rupert hits you with a +3 great mace of draining!!
You partially resist.
You feel drained. Rupert completely misses you.
You hear the crackle of electricity.
a - a +0 battleaxe of electrocution (weapon)
Rupert barely misses you.
You barely miss Rupert. Your headbutt misses Rupert.
Rupert is lightly wounded.
Rupert hits you with a +3 great mace of draining!!!
You partially resist.
You feel drained.
Rupert hits you with a +3 great mace of draining!
* * * LOW HITPOINT WARNING * * *
You partially resist.
You feel drained.
* * * LOW HITPOINT WARNING * * *
Rupert hits you with a +3 great mace of draining!
* * * LOW HITPOINT WARNING * * *
You partially resist.
You feel drained.
* * * LOW HITPOINT WARNING * * *
You feel much better.
Rupert hits you with a +3 great mace of draining!
* * * LOW HITPOINT WARNING * * *
You partially resist.
You feel drained.
* * * LOW HITPOINT WARNING * * *
Rupert attacks as you move away!
Rupert hits you with a +3 great mace of draining!!
You die...

#.... ####..... ##...#
.#........ #....#
.....(...) #.....
#..#..... #....#
##..#..... #P...#
#......... #...###
####........
##..@#.####.#.........
#P...@#..#.#.......#..
#.................####
##...............#.#
#................###
#.....P#..P.##...###
##.....#######.#...#
#....### ###†.##
#....#.### #..##P.
#.....##.######......


You could see Rupert (berserk).

Vanquished Creatures
  Josephine (Lair:2)
  Pikel (D:8)
  A black mamba (Lair:3)
  4 elephants (Lair:1)
  2 cane toads (Lair:2)
  4 rime drakes
  A komodo dragon (Lair:1)
  2 polar bears
  9 blink frogs
  4 dream sheep (Lair:1)
  A wyvern (Lair:1)
  37 yaks
  4 wraiths
  Eustachio (D:6)
  5 hogs (Lair:3)
  Menkaure (D:6)
  2 steam dragons
  5 water moccasins
  Duvessa (D:7)
  4 ice beasts
  2 orc warriors
  A sky beast (D:6)
  An ogre (D:4)
  3 black bears
  7 wolves
  4 centaurs
  4 phantoms
  A lemure (D:8)
  Blork the orc (D:5)
  A kobold brigand (D:7)
  An elf zombie (Ossuary)
  10 bullfrogs
  3 scorpions
  7 necrophages
  2 gnoll sergeants
  4 wights (D:9)
  Dowan (D:7)
  6 killer bees (D:9)
  8 howler monkeys
  3 hounds
  2 human zombies (Ossuary)
  A jelly (D:7)
  7 orc priests
  2 gnoll boudas
  5 iguanas (D:6)
  4 hell rats (Lair:1)
  5 orc wizards
  4 mummies (Ossuary)
  15 gnolls
  11 adders
  4 white imps
  2 adder zombies (Ossuary)
  4 worms
  34 orcs
  5 endoplasms
  6 giant cockroaches
  7 goblins
  11 hobgoblins
  7 jackals
  6 quokkas
  7 ball pythons
  3 bats
  3 frilled lizards
  A hobgoblin zombie (Ossuary)
  A jackal zombie (Ossuary)
  13 kobolds
  A kobold zombie (Ossuary)
  An orc zombie (Ossuary)
  6 rats
  3 rat zombies (Ossuary)
341 creatures vanquished.

Vanquished Creatures (collateral kills)
  Kirke (Lair:3)
  A komodo dragon (Lair:3)
2 creatures vanquished.

Vanquished Creatures (others)
  A white imp (D:5)
  2 fungi (Lair:3)
  7 plants
10 creatures vanquished.

Grand Total: 353 creatures vanquished

Notes
Turn   | Place    | Note
-------+----------+-------------------------------------------
     0 | D:1      | Vildbasse the Minotaur Fighter began the quest for the Orb.
     0 | D:1      | Reached XP level 1. HP: 19/19 MP: 0/0
   296 | D:1      | Reached XP level 2. HP: 27/27 MP: 1/1
   777 | D:2      | Reached XP level 3. HP: 33/33 MP: 2/2
   954 | D:2      | Reached skill level 1 in Dodging
  1227 | D:2      | Found a faded altar of an unknown god.
  1565 | D:3      | Reached XP level 4. HP: 40/40 MP: 3/3
  1775 | D:3      | Noticed a necrophage
  1779 | D:3      | Killed a necrophage
  1839 | D:3      | Reached XP level 5. HP: 45/47 MP: 4/4
  2033 | D:3      | Found a stormy altar of Qazlal.
  2190 | D:4      | Noticed an ogre
  2200 | D:4      | Killed an ogre
  2455 | D:4      | Reached XP level 6. HP: 55/55 MP: 5/5
  2548 | D:4      | Found a staircase to the Ecumenical Temple.
  2561 | Temple   | Entered the Ecumenical Temple
  2561 | Temple   | Found a transporter.
  2561 | Temple   | Found a transporter.
  2563 | Temple   | Found a transporter.
  2563 | Temple   | Found a transporter.
  2598 | Temple   | Became a worshipper of Makhleb the Destroyer
  2697 | D:4      | Identified the +1 ring mail of Ashenzari, Teaching {Str+3}
  2742 | D:4      | Identified the +1 ring mail of an ossuary {+Blink Int+4}
  2883 | D:4      | Found the macabre finger necklace {Finger+ rN+}
  2902 | D:4      | Reached skill level 5 in Fighting
  2902 | D:4      | Reached skill level 5 in Armour
  2902 | D:4      | Reached skill level 5 in Shields
  3015 | D:5      | Entered Level 5 of the Dungeon
  3233 | D:5      | Noticed Blork the orc
  3247 | D:5      | Killed Blork the orc
  3315 | D:5      | Reached XP level 7. HP: 56/61 MP: 6/6
  3642 | D:5      | Reached * piety under Makhleb
  3643 | D:5      | Reached skill level 5 in Axes
  3962 | D:6      | Noticed Menkaure
  4165 | D:6      | Killed Menkaure
  4166 | D:6      | Reached XP level 8. HP: 33/70 MP: 7/7
  4325 | D:6      | Found a shimmering blue altar of Sif Muna.
  4549 | D:6      | Reached skill level 5 in Dodging
  4841 | D:6      | Reached ** piety under Makhleb
  4849 | D:6      | Reached XP level 9. HP: 76/79 MP: 8/8
  5276 | D:6      | Found a radiant altar of Vehumet.
  5276 | D:6      | Noticed Eustachio
  5294 | D:6      | Killed Eustachio
  5295 | D:6      | Reached skill level 1 in Ranged Weapons
  5409 | D:6      | Found an ornate altar of the Wu Jian Council.
  5529 | D:7      | Found Udoelis's Magic Scroll Emporium.
  5541 | D:7      | Reached skill level 1 in Ice Magic
  5548 | D:7      | Found Tubot's Magic Scroll Shop.
  5576 | D:7      | Bought a scroll of enchant weapon for 75 gold pieces
  5665 | D:7      | Reached skill level 1 in Spellcasting
  5745 | D:7      | Found Nirchy's Armour Shop.
  5878 | D:7      | Found a sacrificial altar of Ru.
  5897 | D:7      | Reached *** piety under Makhleb
  6134 | D:7      | Identified a scroll of acquirement
  6135 | D:7      | Acquired the ring of Autumn {rPois MP+9 Int-3 Dex+3}
  6197 | D:7      | Noticed Duvessa
  6199 | D:7      | Noticed Dowan
  6204 | D:7      | Killed Duvessa
  6211 | D:7      | Killed Dowan
  6237 | D:7      | Found Moavauss's Jewellery Shoppe.
  6553 | D:7      | Found Nenuo's Assorted Antiques.
  6763 | D:8      | Noticed a rime drake
  6773 | D:8      | Killed a rime drake
  6774 | D:8      | Reached XP level 10. HP: 42/88 MP: 11/11
  6809 | D:8      | Found a sand-covered staircase.
  6826 | Ossuary  | Entered an ossuary
  7136 | D:8      | Noticed Pikel
  7159 | D:8      | Killed Pikel
  7313 | D:8      | Found a staircase to the Lair.
  7339 | D:8      | Reached **** piety under Makhleb
  8011 | D:9      | Found a staircase to the Orcish Mines.
  9058 | Lair:1   | Entered Level 1 of the Lair of Beasts
  9231 | Lair:1   | Reached ***** piety under Makhleb
  9239 | Lair:1   | Reached XP level 11. HP: 81/97 MP: 14/14
  9723 | Lair:1   | Reached skill level 5 in Ranged Weapons
 10091 | Lair:1   | Upgraded the game from 0.30-a0-728-gc68057be0a to
                  | 0.30-a0-737-gf23d94013f
 10921 | Lair:2   | Reached skill level 10 in Fighting
 10932 | Lair:2   | Reached XP level 12. HP: 93/106 MP: 16/16
 11042 | Lair:2   | Reached skill level 10 in Armour
 11042 | Lair:2   | Reached skill level 10 in Shields
 11241 | Lair:2   | Acquired the ring of Fiocet {+Blink rC+ MP-9 Str+6 Slay+5}
 11613 | Lair:3   | Noticed Kirke
 11632 | Lair:3   | Killed Kirke
 11673 | Lair:3   | Noticed Josephine
 11747 | Lair:2   | Reached skill level 10 in Axes
 11752 | Lair:2   | Killed Josephine
 11874 | Lair:3   | Noticed Rupert
 11883 | Lair:3   | Slain by Rupert

Illustrated notes

Levels and vault maps discovered:
D:1:      dpeg_arrival_concentric_ovals, layout_basic, minmay_distorted
D:2:      layout_loops_ring, ebering_ecumenical_altar_sacrificial,
          serial_bayou_pond_b
D:3:      layout_loops_ring, nicolae_overflow_hidden_temple,
          wander_ebering_terrifying_dragon_lair
D:4:      layout_basic, minmay_temple_entry_tees, grunt_ministairs_5,
          st_stairs_9
D:5:      layout_rooms, kennysheep_potato, uniq_blork_the_orc
D:6:      minmay_bubble_buster, layout_cave_pools,
          mainiacjoe_overflow_tiny_flanked, mainiacjoe_overflow_big_doors,
          uniq_menkaure, uniq_eustachio
D:7:      layout_basic, mainiacjoe_overflow_brackets, serial_shops,
          nicolae_shop_hallway_stairs, shop, nicolae_shop_advertising_works
          [nicolae_subvault_shop_adworks], nicolae_shop_stone, shop,
          uniq_duvessa
D:8:      layout_basic, hellmonk_lair_entry_icy, nicolae_ossuary_entry_ruins,
          uniq_pikel
D:9:      layout_basic, erik_orc_3
Temple:   hellmonk_temple_divided_pantheon
Lair:1:   layout_chaotic_city
Lair:2:   layout_roguey, roderic_carrion_pond
Lair:3:   hellmonk_ruined_rings, layout_chaotic_city,
          nicolae_swamp_entry_splash_gauntlet, guppyfry_snake_entry_garden,
          uniq_josephine, uniq_kirke, uniq_rupert

Skill      XL: |  1  2  3  4  5  6  7  8  9 10 11 12 |
---------------+-------------------------------------+-----
Fighting       | 4 5 6 7 8 9 10 | 10.6
Armour         | 4 5 6 7 8 9 10 | 10.6
Shields        | 4 5 6 7 8 9 10 | 10.5
Axes           | 3 4 5 6 7 8 9 10 | 10.1
Dodging        | 1 2 3 4 5 6 7 8 9 |  9.0
Ranged Weapons | 3 4 6 |  6.8
Ice Magic      | 2 3 4 |  4.7
Spellcasting   | 1 2 3 4 |  4.2

Action                     |  1- 3 |  4- 6 |  7- 9 | 10-12 || total
---------------------------+-------+-------+-------+-------++-------
  Melee: War axe           |    72 |    99 |   286 |    52 ||   509
         Headbutt          |     9 |    14 |    53 |    76 ||   152
         Battleaxe         |       |       |       |   273 ||   273
         Unarmed           |       |       |       |     5 ||     5
   Fire: Sling             |       |     9 |    24 |       ||    33
         Shortbow          |       |       |    45 |   102 ||   147
  Throw: Dart              |     4 |     2 |       |       ||     6
 Invoke: Lesser Servant of |       |       |       |     2 ||     2
  Evoke: Wand              |       |       |       |     1 ||     1
    Use: Scroll            |       |     6 |    10 |     9 ||    25
         Potion            |       |       |     1 |     2 ||     3
 Armour: Scale mail        |    30 |    66 |   205 |    20 ||   321
         Chain mail        |       |       |    41 |       ||    41
         Plate armour      |       |       |       |   311 ||   311
  Dodge: Dodged            |    28 |    57 |   205 |   268 ||   558
  Block: Buckler           |    23 |    22 |    31 |       ||    76

Table legend: (Time is in decaauts)
 A = Elapsed time spent in this place.
 B = Non-inter-level travel time spent in this place.
 C = Inter-level travel time spent in this place.
 D = Time resting spent in this place.
 E = Time spent auto-exploring this place.
 F = Levels seen in this place.
 G = Mean time per level.
                   A        B        C        D        E       F      G
               +--------+--------+--------+--------+--------+-----+--------+
         Total |  12208 |  10980 |   1228 |   2780 |   5653 |  14 |  872.0 |
       Dungeon |   8971 |   8207 |    764 |   1719 |   4805 |   9 |  996.8 |
        Temple |     53 |      6 |     47 |      0 |      0 |   1 |   53.0 |
          Lair |   2930 |   2513 |    417 |   1055 |    813 |   3 |  976.7 |
       Ossuary |    252 |    252 |      0 |      6 |     35 |   1 |  252.0 |
               +--------+--------+--------+--------+--------+-----+--------+

Top non-repeatable levels by time:
  Lair:1: 1561 daAuts
     D:6: 1552 daAuts
     D:7: 1243 daAuts
     D:9: 1137 daAuts
  Lair:2: 1030 daAuts
     D:8: 1011 daAuts
     D:5: 1008 daAuts
     D:2: 795 daAuts
     D:4: 791 daAuts
     D:1: 728 daAuts
     D:3: 702 daAuts
  Lair:3: 339 daAuts
 Ossuary: 252 daAuts
  Temple: 53 daAuts
